Map: Bel'Shir Vestige LE (Void)

Players

Railgan - Winner!

  • Race: Zerg Zerg
  • League: Grandmaster
  • Spawn Location: 5:00

SingeGaga

  • Race: Terran Terran
  • League: Grandmaster
  • Spawn Location: 11:00

VOD

https://www.youtube.com/watch?v=mp15qoiDRzM

Description

Time

  • Played on: March 15, 2017, 4:17 p.m.
  • Length: 16:54
Show
View Real Time Build Order
Export as new Build Order

Railgan Zerg - Winner!

Build Orders: Pool First, Muta Ling Bane 

Get SALT Encoding   

  12  0:01  Drone  
  13  0:13  Overlord  
  13  0:17  Drone  
  14  0:31  Drone x2  
  17  0:35  Drone  
  17  0:45  Drone  
  18  0:50  Spawning Pool  
  18  0:56  Drone  
  18  1:11  Hatchery  
  18  1:12  Extractor  
  18  1:16  Drone  
  18  1:18  Drone  
  18  1:36  Queen  
  18  1:37  Zergling x2  
  18  1:39  Drone  
  22  1:49  Overlord  
  22  2:08  Drone  
  23  2:13  Queen  
  25  2:18  Metabolic Boost, Drone  
  25  2:22  Drone  
  27  2:24  Queen, Drone  
  30  2:34  Drone x2  
  32  2:46  Drone x2  
  34  2:52  Overlord  
  34  2:53  Drone  
  34  2:54  Drone  
  35  3:05  Lair  
  35  3:06  Drone  
  35  3:12  Drone  
  37  3:13  Zergling x4  
  37  3:16  Drone  
  37  3:19  Drone  
  41  3:20  Extractor  
  41  3:22  Evolution Chamber  
  39  3:30  Zergling x4  
  41  3:34  Drone  
  42  3:42  Drone x2  
  42  3:46  Overlord  
  43  3:54  Overlord  
  43  3:55  Extractor  
  42  3:57  Drone  
  42  4:00  Extractor, Drone  
  42  4:02  Overlord  
  43  4:07  Drone x5  
  48  4:13  Spire  
  48  4:16  Zergling x4  
  46  4:24  Drone x2  
  46  4:29  Baneling Nest, Queen x2  
  52  4:31  Drone x2  
  52  4:32  Zergling x6  
  52  4:36  Zergling x2  
  57  4:41  Zergling x2  
  57  4:44  Zergling x2  
  57  4:45  Overseer  
  59  4:46  Drone  
  59  4:47  Drone x2  
  62  4:55  Zergling x2  
  60  5:16  Drone  
  58  5:24  Mutalisk x5  
  58  5:37  Mutalisk  
  58  5:39  Drone x2  
  58  5:40  Drone x4  
  58  5:41  Drone  
  65  5:52  Overlord  
  65  5:53  Drone x2  
  68  6:04  Drone  
  68  6:05  Overlord  
  68  6:06  Zerg Melee Weapons Level 1  
  68  6:07  Hatchery  
  68  6:08  Zerg Flyer Weapons Level 1, Evolution Chamber  
  68  6:11  Centrifical Hooks, Overlord  
  66  6:15  Drone x2  
  68  6:21  Zergling x8  
  68  6:22  Zergling x2  
  73  6:31  Drone  
  74  6:33  Zerg Ground Armor Level 1  
  70  6:41  Drone  
  70  6:42  Drone  
  70  6:43  Drone  
  70  6:44  Drone x2  
  70  6:46  Drone  
  75  6:49  Baneling x7  
  75  6:53  Zergling x8  
  79  7:06  Mutalisk x2  
  83  7:11  Drone  
  84  7:17  Drone x3  
  84  7:18  Drone x4  
  84  7:19  Queen  
  93  7:35  Mutalisk x2  
  97  7:43  Overlord  
  97  7:44  Overlord  
  97  7:46  Pneumatized Carapace  
  97  7:50  Drone  
  98  7:54  Extractor  
  98  7:55  Extractor  
  98  7:58  Drone x2  
  98  7:59  Overlord  
  98  8:01  Overlord  
  98  8:03  Drone x3  
  98  8:04  Drone  
  98  8:05  Mutalisk x3  
  102  8:11  Zergling x2  
  109  8:13  Baneling x4  
  109  8:15  Drone  
  108  8:26  Mutalisk  
  110  8:29  Drone x6  
  116  8:39  Overlord  
  116  8:44  Hatchery  
  116  8:45  Zergling x2, Baneling x3  
  116  8:46  Zergling x12  
  116  8:47  Zerg Melee Weapons Level 2  
  122  8:52  Zerg Ground Armor Level 2  
  122  8:53  Overseer  
  122  8:54  Zergling x2  
  122  8:55  Zergling x6  
  126  8:58  Zergling x4  
  129  9:02  Zergling x2  
  129  9:03  Zergling x4  
  129  9:07  Overlord x2  
  116  9:33  Mutalisk x6  
  126  9:38  Zergling x2  
  126  9:39  Zergling x12  
  126  9:45  Zerg Flyer Weapons Level 2  
  133  9:47  Zergling x4  
  135  9:57  Mutalisk x2  
  135  9:59  Zergling x4  
  141  10:01  Baneling x5  
  141  10:02  Zergling x2  
  141  10:06  Zergling x2  
  143  10:14  Zergling x8  
  146  10:17  Zergling x2  
  146  10:18  Overlord x3, Zergling x4  
  146  10:19  Overlord  
  150  10:22  Overlord  
  150  10:33  Mutalisk x2  
  150  10:35  Overlord  
  152  10:36  Overlord  
  152  10:37  Zergling x2  
  152  10:39  Hatchery  
  152  10:40  Overlord  
  152  10:43  Baneling x11  
  147  10:56  Mutalisk, Zergling x4  
  147  10:57  Mutalisk x3, Zergling x2  
  145  11:12  Mutalisk x3  
  145  11:14  Zergling x2  
  150  11:18  Zergling x2  
  150  11:19  Zergling x8  
  150  11:21  Overlord  
  150  11:24  Zergling x2  
  156  11:32  Zergling x2  
  157  11:33  Zergling x4  
  157  11:34  Overlord, Zergling x16  
  157  11:36  Baneling x4  
  157  11:38  Infestation Pit  
  166  11:45  Zergling x8  
  170  11:48  Zergling x2  
  170  11:50  Zergling x4  
  170  11:52  Overseer  
  173  11:55  Drone  
  174  12:01  Zerg Flyer Armor Level 1  
  161  12:14  Zergling x6  
  147  12:54  Zergling x8  
  147  12:55  Zergling x2  
  147  12:56  Baneling x7  
  152  13:01  Extractor  
  152  13:04  Mutalisk x7, Extractor  
  164  13:11  Zergling x2  
  164  13:12  Zergling x6  
  167  13:13  Baneling x9  
  167  13:15  Zergling x2  
  167  13:17  Overseer  
  167  13:18  Overlord  
  163  13:29  Hatchery  
  163  13:33  Zergling x12  
  130  13:41  Zergling x4  
  130  13:44  Mutalisk x3  
  135  13:54  Zergling x2  
  135  13:55  Zergling x4  
  123  13:56  Zergling x2  
  123  13:58  Zergling x2, Baneling x4  
  123  13:59  Zergling x2  
  123  14:00  Zergling x2  
  127  14:03  Baneling x2  
  127  14:04  Baneling x10  
  127  14:06  Zergling x2  
  127  14:08  Drone x2  
  127  14:09  Zergling x4  
  132  14:13  Zerg Flyer Armor Level 2  
  132  14:14  Hive  
  132  14:17  Zergling x4  
  123  14:33  Zergling x8  
  123  14:34  Zergling x4  
  123  14:35  Baneling x3  
  127  14:40  Mutalisk x3  
  127  14:41  Mutalisk, Extractor  
  127  14:42  Mutalisk  
  127  14:44  Drone x2  
  125  15:04  Mutalisk x4  
  130  15:11  Zergling x4  
  130  15:12  Baneling, Zergling x2  
  130  15:13  Drone, Baneling x4  
  130  15:14  Drone x3  
  137  15:17  Drone  
  138  15:29  Mutalisk x3  
  138  15:33  Zergling x6  
  138  15:34  Zergling x6  
  150  15:37  Zergling x2  
  139  16:02  Mutalisk  
  139  16:03  Mutalisk x5  
  141  16:08  Drone x9  
  146  16:13  Drone x3  
  146  16:18  Baneling x6  
  148  16:20  Zergling x2  
  148  16:23  Zergling x2  
  150  16:29  Overseer  
  150  16:30  Baneling  
  150  16:31  Baneling x4  
  150  16:32  Zergling x2  
Show
View Real Time Build Order
Export as new Build Order

SingeGaga Terran 

Build Orders: Bio Mine 

Get SALT Encoding   

  12  0:00  SCV  
  13  0:13  SCV  
  14  0:17  Supply Depot  
  14  0:25  SCV  
  15  0:31  Refinery  
  15  0:39  SCV  
  16  0:56  SCV  
  17  1:04  Barracks  
  17  1:10  SCV  
  18  1:22  SCV  
  19  1:34  SCV  
  20  1:51  Orbital Command  
  20  1:53  Reaper  
  21  1:57  Command Center  
  21  2:00  Factory  
  21  2:05  Refinery  
  21  2:13  Supply Depot  
  21  2:17  SCV  
  22  2:26  Barracks Reactor  
  22  2:29  SCV  
  23  2:43  SCV  
  24  2:50  Starport  
  23  2:52  Hellion  
  24  3:08  SCV  
  25  3:13  Barracks Tech Lab  
  25  3:21  SCV  
  25  3:22  Hellion x2  
  30  3:43  Raven  
  30  3:48  SCV  
  32  3:49  Orbital Command, Barracks Tech Lab  
  32  3:50  Hellion  
  32  3:51  Hellion  
  36  3:59  Supply Depot  
  36  4:04  SCV  
  36  4:09  Supply Depot  
  37  4:10  Marine  
  37  4:11  Stimpack  
  37  4:13  Hellion x2  
  37  4:16  SCV  
  43  4:18  SCV  
  44  4:27  Raven  
  44  4:28  SCV  
  44  4:30  SCV  
  48  4:38  Marine  
  49  4:40  SCV  
  49  4:43  SCV  
  51  4:50  Command Center  
  51  4:56  Supply Depot, SCV x2  
  53  5:08  SCV  
  53  5:11  SCV  
  53  5:12  Barracks  
  53  5:13  Barracks  
  55  5:14  Factory Reactor  
  55  5:20  SCV  
  56  5:23  SCV  
  53  5:32  SCV  
  52  5:35  SCV  
  52  5:36  Starport Reactor  
  52  5:37  Marine  
  52  5:40  Engineering Bay x2  
  50  5:44  SCV  
  50  5:47  SCV  
  52  5:50  Refinery x2  
  52  5:52  Widow Mine x2  
  52  5:56  SCV  
  57  6:00  SCV  
  56  6:04  Marine  
  56  6:06  Missile Turret  
  56  6:08  SCV  
  56  6:10  Orbital Command  
  56  6:11  Missile Turret  
  58  6:12  Missile Turret  
  58  6:14  Marine x3  
  58  6:17  Missile Turret  
  61  6:20  Viking  
  63  6:26  Marine  
  62  6:36  SCV  
  62  6:37  Terran Infantry Armor Level 1, Terran Infantry Weapons Level 1  
  63  6:41  Combat Shields  
  63  6:42  Barracks  
  63  6:43  Barracks, SCV  
  63  6:45  SCV  
  65  6:48  Missile Turret  
  65  6:51  Viking  
  69  6:55  Viking  
  69  7:01  SCV  
  68  7:05  Marine x4  
  68  7:06  Factory Reactor  
  68  7:08  SCV  
  73  7:11  Armory  
  73  7:13  SCV, Marine  
  75  7:21  SCV  
  76  7:26  Marine  
  76  7:27  Marine x3  
  79  7:34  Orbital Command  
  77  7:38  SCV  
  77  7:39  SCV  
  79  7:49  Supply Depot, Widow Mine x2, Barracks Reactor  
  79  7:50  Supply Depot, Medivac  
  85  7:52  Concussive Shells  
  85  7:53  Supply Depot  
  85  8:02  Medivac, Marine x4, SCV x2  
  93  8:11  SCV  
  93  8:12  Bunker, Missile Turret  
  94  8:13  Supply Depot, Marine x2  
  94  8:16  Missile Turret  
  95  8:20  Barracks, Marine  
  95  8:22  Barracks  
  95  8:34  SCV  
  95  8:35  Medivac x2  
  95  8:37  SCV  
  95  8:41  Supply Depot  
  100  8:43  Supply Depot  
  100  8:44  Supply Depot  
  100  8:47  Marauder x2  
  100  8:48  Marine x6  
  106  8:54  SCV, Widow Mine x2  
  115  8:57  SCV  
  115  8:59  SCV  
  117  9:06  Marine  
  117  9:07  SCV  
  119  9:10  Marine x3  
  119  9:11  Barracks Reactor, Barracks Tech Lab  
  119  9:12  Marine  
  117  9:25  Marine x2  
  117  9:31  Marine x5  
  96  9:32  Marine x2  
  96  9:34  SCV  
  96  9:35  SCV  
  96  9:36  SCV  
  104  9:42  Marine x2  
  104  9:45  Refinery  
  104  9:47  Factory  
  104  9:49  Terran Infantry Weapons Level 2, Terran Infantry Armor Level 2, Marine x4  
  104  9:50  Marine  
  104  9:51  Marine  
  104  9:52  Widow Mine  
  109  9:56  Widow Mine  
  109  9:59  Marine x2  
  115  10:01  Marauder  
  117  10:09  Marine  
  117  10:10  Marine x5  
  117  10:12  SCV  
  124  10:19  Liberator  
  124  10:20  Liberator, Widow Mine  
  124  10:23  Marine  
  124  10:27  Marine x2  
  123  10:28  Marine  
  123  10:29  Marine  
  123  10:33  Marine x2  
  123  10:34  Marine x3  
  120  10:41  Marine  
  127  10:48  Marine x2  
  127  10:49  Marauder  
  124  10:52  Marauder  
  124  10:53  Marine x2  
  124  10:54  Marine, Marauder  
  124  10:55  Widow Mine x2  
  125  10:59  Factory Tech Lab  
  125  11:10  Marauder  
  109  11:17  Marine x5  
  109  11:18  Marine x2, Marauder  
  110  11:19  Thor  
  110  11:21  Medivac x2  
  110  11:24  Widow Mine x2  
  121  11:27  SCV x2, Drilling Claws  
  121  11:31  Supply Depot, Marauder  
  121  11:35  Marine x3  
  121  11:36  Marauder  
  126  11:43  Marine  
  126  11:44  Marine x3  
  130  11:52  Marine x2, Widow Mine  
  130  11:53  Marine x2  
  136  11:57  Marauder  
  138  12:01  Medivac x2, Marine  
  138  12:02  Marine x2, Marauder  
  135  12:10  Marine x2  
  135  12:11  Marine x2  
  137  12:17  Widow Mine x2  
  137  12:18  Marine  
  137  12:19  Marine x2  
  137  12:20  Marine  
  145  12:23  Marine  
  145  12:28  Marine, Marauder  
  149  12:39  Marine x4  
  133  12:44  Marine  
  133  12:45  Marine, Marauder  
  133  12:46  Medivac x2  
  133  12:50  Marauder  
  140  12:56  Marine  
  140  12:57  Marine x2  
  140  12:58  Marauder  
  145  12:59  Widow Mine x2  
  149  13:09  Marine x2  
  149  13:10  Marine x2  
  149  13:29  Marine x4  
  149  13:32  Marine x2  
  149  13:33  Marine x3  
  134  13:38  Orbital Command  
  116  13:42  Widow Mine  
  116  13:46  Marine x3  
  116  13:47  Marine  
  111  13:50  Marine x5  
  114  13:57  Thor  
  120  14:04  Marine x3  
  120  14:05  Marine  
  120  14:08  Marine x3  
  127  14:11  Marine  
  120  14:32  Marine x3  
  120  14:34  Marine x3  
  120  14:35  Widow Mine x2  
  120  14:37  Medivac x2  
  132  14:38  Marine  
  132  14:39  Thor  
  132  14:41  Missile Turret  
  132  14:42  Missile Turret  
  132  14:45  Missile Turret  
  106  15:02  Marine x2  
  106  15:03  Marine x7  
  106  15:05  Widow Mine x2  
  107  15:20  Marine  
  108  15:22  Thor, Marauder x3  
  120  15:29  Marine  
  120  15:30  Marine x4  
  120  15:34  Widow Mine x2  
  124  15:36  SCV x3  
  124  15:38  Marine  
  127  15:42  Marine  
  127  15:43  Marauder  
  127  15:47  Marine x3  
  120  15:51  SCV x3  
  120  15:56  Marine x2  
  120  16:03  Marine  
  105  16:05  Widow Mine x2  
  108  16:17  Marine x3  
  113  16:18  Marine x2  
  113  16:23  Marine x2  
  117  16:35  Marine x5  
Tags
 
Add a new tag
Caveats
  • Supply blocks, unpowered buildings, or Contaminate may cause inaccurate times.
  • Supply counts are checked every 10 seconds.